3A
MT. VERNON BULLS @ SYRACUSE STORM
07/20/2033
 
TOP OF THE 1ST
Mt. Vernon Bulls batting - Pitching for Syracuse Storm : LHP Harris Hopkins
Pitching: LHP Harris Hopkins
Batting: LHB Iván Soto 0-0: Ball
1-0: Ball
2-0: Foul Ball, location: 2F
2-1: Ball
3-1: Called Strike
3-2: Base on Balls
Batting: RHB Tong-sik Im 0-0: Ball
1-0: Fly out, F7 (Flyball, 78M)
Batting: RHB Tom Bancroft 0-0: Ball
1-0: Ball
2-0: Called Strike
2-1: Ball
3-1: DOUBLE (Line Drive, 9LM)
Iván Soto to third
Runner from 3rd tries for Home, throw and OUT!
Batting: RHB Silverberry Mouhon 0-0: Foul Ball, location: 2F
0-1: Called Strike
0-2: Ball
1-2: Strikes out swinging
Top of the 1st over - 0 runs, 1 hit, 0 errors, 1 left on base; Mt. Vernon 0 - Syracuse 0
BOTTOM OF THE 1ST
Syracuse Storm batting - Pitching for Mt. Vernon Bulls : RHP Shawn Coleman
Pitching: RHP Shawn Coleman
Batting: LHB Brenton Winston 0-0: Called Strike
0-1: Ball
1-1: Ball
2-1: Swinging Strike
2-2: Foul Ball, location: 2F
2-2: Ball
3-2: Fly out, F3 (Line Drive, 3L)
Batting: LHB Seung-min Sin 0-0: SINGLE (Groundball, 4MD)
Batting: LHB Tom Burton 0-0: Ball
1-0: Ball
2-0: Ball
3-0: Called Strike
3-1: Base on Balls
Seung-min Sin to second
Batting: RHB Dale Goodman 0-0: Ball
1-0: Ball
2-0: Foul Ball, location: 2F
2-1: 3-RUN HOME RUN (Flyball, 7LD), Distance : 346 ft
Batting: RHB Nelson Morán 0-0: Swinging Strike
0-1: Called Strike
0-2: Ball
1-2: Ball
2-2: SINGLE (Flyball, 78S)
Batting: RHB Sadakuno Hashimoto 0-0: Ball
1-0: Fielders Choice at 2nd, 2-4 (Groundball, 2L)
Batting: RHB Adrián Medina 0-0: Fly out, F5 (Line Drive, 56)
Bottom of the 1st over - 3 runs, 3 hits, 0 errors, 1 left on base; Mt. Vernon 0 - Syracuse 3
TOP OF THE 2ND
Mt. Vernon Bulls batting - Pitching for Syracuse Storm : LHP Harris Hopkins
Batting: LHB Tomás Muinos 0-0: Called Strike
0-1: Foul Ball, location: 2F
0-2: Fly out, F7 (Flyball, 7S)
Batting: LHB Rich Watkins 0-0: Ball
1-0: Ball
2-0: Foul Ball, location: 2F
2-1: DOUBLE (Line Drive, 9LM)
Batting: RHB Modesto González 0-0: Called Strike
0-1: Foul Ball, location: 2F
0-2: Ball
1-2: SINGLE (Flyball, 7LS)
Rich Watkins to third
Runner from 3rd tries for Home, SAFE, no throw
Batting: RHB Wei-hong Won 0-0: Ball
1-0: Called Strike
1-1: DOUBLE (Line Drive, 89D)
Modesto González to third
Runner from 3rd tries for Home, SAFE, no throw
Batting: RHB Kamakakoa Kaponianani 0-0: Called Strike
0-1: Ball
1-1: Ball
2-1: SINGLE (Flyball, 9LS)
Wei-hong Won to third
Batting: LHB Iván Soto 0-0: Ball
1-0: Fly out, F7 (Line Drive, 7)
Runner from 3rd tags up, SCORES, no throw
Batting: RHB Tong-sik Im 0-0: Ball
1-0: Ball
2-0: Fly out, F7 (Flyball, 7S)
Top of the 2nd over - 3 runs, 4 hits, 0 errors, 1 left on base; Mt. Vernon 3 - Syracuse 3
BOTTOM OF THE 2ND
Syracuse Storm batting - Pitching for Mt. Vernon Bulls : RHP Shawn Coleman
Batting: SHB Franck Kooijmans 0-0: Called Strike
0-1: Ball
1-1: Called Strike
1-2: Strikes out swinging
Batting: RHB Miguel Román 0-0: Foul Ball, location: 2F
0-1: SINGLE (Line Drive, 6D)
Batting: LHB Brenton Winston 0-0: Called Strike
0-1: Ball
1-1: Ball
2-1: Foul Ball, location: 2F
2-2: Foul Ball, location: 2F
2-2: Foul Ball, location: 2F
2-2: Foul Ball, location: 2F
2-2: Foul Ball, location: 2F
2-2: Foul Ball, location: 2F
2-2: Foul Ball, location: 2F
2-2: Strikes out swinging
Miguel Román steals 2nd base
Batter strikes out.
Batting: LHB Seung-min Sin 0-0: Called Strike
0-1: Fly out, F9 (Flyball, 9S)
Bottom of the 2nd over - 0 runs, 1 hit, 0 errors, 1 left on base; Mt. Vernon 3 - Syracuse 3
TOP OF THE 3RD
Mt. Vernon Bulls batting - Pitching for Syracuse Storm : LHP Harris Hopkins
Batting: RHB Tom Bancroft 0-0: Ball
1-0: Ball
2-0: Ground out 4-3 (Groundball, 4)
Batting: RHB Silverberry Mouhon 0-0: Ball
1-0: Called Strike
1-1: Ball
2-1: SINGLE (Line Drive, 9S)
Batting: LHB Tomás Muinos 0-0: Ball
1-0: Foul Ball, location: 2F
1-1: Ball
2-1: Ball
3-1: Base on Balls
Silverberry Mouhon to second
Batting: LHB Rich Watkins 0-0: Called Strike
0-1: Ball
1-1: Foul Ball, location: 2F
1-2: Foul Ball, location: 2F
1-2: Ball
2-2: Strikes out swinging
Batting: RHB Modesto González 0-0: Ball
1-0: SINGLE (Groundball, 56D)
Silverberry Mouhon to third
Tomás Muinos to second
Runner from 3rd tries for Home, SAFE, no throw
Batting: RHB Wei-hong Won 0-0: Ball
1-0: Ball
2-0: Swinging Strike
2-1: Ball
3-1: Swinging Strike
3-2: Strikes out looking
Top of the 3rd over - 1 run, 2 hits, 0 errors, 2 left on base; Mt. Vernon 4 - Syracuse 3
BOTTOM OF THE 3RD
Syracuse Storm batting - Pitching for Mt. Vernon Bulls : RHP Shawn Coleman
Batting: LHB Tom Burton 0-0: Ball
1-0: Foul Ball, location: 2F
1-1: Ball
2-1: Ball
3-1: Base on Balls
Batting: RHB Dale Goodman 0-0: Ball
1-0: Ball
2-0: Foul Ball, location: 2F
2-1: DOUBLE (Line Drive, 7LD)
Tom Burton to third
Runner from 3rd tries for Home, SAFE, throw made at trailing runner, OUT at third!
Batting: RHB Nelson Morán 0-0: Ball
1-0: Ball
2-0: Swinging Strike
2-1: DOUBLE (Flyball, 78XD)
Pitching: RHP Jesús Lemus
Batting: RHB Sadakuno Hashimoto 0-0: Called Strike
0-1: Foul Ball, location: 2F
0-2: Ball
1-2: Foul Ball, location: 2F
1-2: DOUBLE (Line Drive, 7LM)
Nelson Morán scores
Batting: RHB Adrián Medina 0-0: Foul Ball, location: 2F
0-1: Ball
1-1: Ball
2-1: SINGLE (Groundball, 2L) (infield hit)
Sadakuno Hashimoto to third
Batting: SHB Franck Kooijmans 0-0: Ball
1-0: Called Strike
1-1: Ball
2-1: Swinging Strike
2-2: Ball
3-2: Ground out U3 (Groundball, 34)
Sadakuno Hashimoto scores
Adrián Medina to second
Batting: RHB Miguel Román 0-0: Foul Ball, location: 2F
0-1: Called Strike
0-2: Ball
1-2: Strikes out swinging
Bottom of the 3rd over - 3 runs, 4 hits, 0 errors, 1 left on base; Mt. Vernon 4 - Syracuse 6
TOP OF THE 4TH
Mt. Vernon Bulls batting - Pitching for Syracuse Storm : LHP Harris Hopkins
Batting: RHB Kamakakoa Kaponianani 0-0: Foul Ball, location: 2F
0-1: SINGLE (Groundball, 56D)
Batting: LHB Iván Soto 0-0: Called Strike
0-1: Fielders Choice at 2nd, 5-4 (Groundball, 5)
Batting: RHB Tong-sik Im 0-0: Ball
1-0: Ball
2-0: Called Strike
2-1: Swinging Strike
2-2: Grounds into double play, 5-4-3 (Groundball, 56)
Top of the 4th over - 0 runs, 1 hit, 0 errors, 0 left on base; Mt. Vernon 4 - Syracuse 6
BOTTOM OF THE 4TH
Syracuse Storm batting - Pitching for Mt. Vernon Bulls : RHP Jesús Lemus
Batting: LHB Brenton Winston 0-0: Swinging Strike
0-1: Fly out, F9 (Flyball, 89D)
Batting: LHB Seung-min Sin 0-0: Ball
1-0: Foul Ball, location: 2F
1-1: SINGLE (Line Drive, 6M)
Batting: LHB Tom Burton 0-0: Foul Ball, location: 2F
0-1: Ball
1-1: Ball
2-1: Foul Ball, location: 2F
2-2: Ball
3-2: Fly out, F7 (Flyball, 7S)
Batting: RHB Dale Goodman 0-0: Fly out, F7 (Line Drive, 7S)
Bottom of the 4th over - 0 runs, 1 hit, 0 errors, 1 left on base; Mt. Vernon 4 - Syracuse 6
TOP OF THE 5TH
Mt. Vernon Bulls batting - Pitching for Syracuse Storm : LHP Harris Hopkins
Batting: RHB Tom Bancroft 0-0: Ball
1-0: Fly out, F7 (Flyball, 7LM)
Batting: RHB Silverberry Mouhon 0-0: Ball
1-0: Swinging Strike
1-1: Fly out, F9 (Line Drive, 89M)
Batting: LHB Tomás Muinos 0-0: Called Strike
0-1: Ball
1-1: Ball
2-1: Ball
3-1: Swinging Strike
3-2: Foul Ball, location: 2F
3-2: Foul Ball, location: 2F
3-2: Foul Ball, location: 2F
3-2: Ground out 5-3 (Groundball, 56)
Top of the 5th over - 0 runs, 0 hits, 0 errors, 0 left on base; Mt. Vernon 4 - Syracuse 6
BOTTOM OF THE 5TH
Syracuse Storm batting - Pitching for Mt. Vernon Bulls : RHP Jesús Lemus
Batting: RHB Nelson Morán 0-0: Called Strike
0-1: Foul Ball, location: 2F
0-2: Ball
1-2: Ball
2-2: Foul Ball, location: 2F
2-2: Ball
3-2: DOUBLE (Line Drive, 7LD)
Batting: RHB Sadakuno Hashimoto 0-0: Ball
1-0: Called Strike
1-1: Foul Ball, location: 2F
1-2: Ground out 5-3 (Groundball, 56)
Batting: RHB Adrián Medina 0-0: Ball
1-0: Called Strike
1-1: Ball
2-1: Fly out, F7 (Flyball, 7)
Batting: SHB Franck Kooijmans 0-0: Ball
1-0: Called Strike
1-1: Fly out, F9 (Flyball, 9S)
Bottom of the 5th over - 0 runs, 1 hit, 0 errors, 1 left on base; Mt. Vernon 4 - Syracuse 6
TOP OF THE 6TH
Mt. Vernon Bulls batting - Pitching for Syracuse Storm : LHP Harris Hopkins
Batting: LHB Rich Watkins 0-0: Called Strike
0-1: Fly out, F8 (Flyball, 78D)
Batting: RHB Modesto González 0-0: Fly out, F9 (Flyball, 9S)
Batting: RHB Wei-hong Won 0-0: Ball
1-0: Ball
2-0: Reached on error, E3 (Groundball, 34S)
Batting: RHB Kamakakoa Kaponianani 0-0: Called Strike
0-1: Fly out, F9 (Flyball, 9LS)
Top of the 6th over - 0 runs, 0 hits, 1 error, 1 left on base; Mt. Vernon 4 - Syracuse 6
BOTTOM OF THE 6TH
Syracuse Storm batting - Pitching for Mt. Vernon Bulls : RHP Jesús Lemus
Batting: RHB Miguel Román 0-0: Ball
1-0: Ball
2-0: Ball
3-0: Base on Balls
Batting: LHB Brenton Winston 0-0: Sac Bunt - play at first, batter OUT! 1-3
Miguel Román to second
Batting: LHB Seung-min Sin 0-0: Called Strike
0-1: Fly out, F7 (Flyball, 78S)
Pitching: RHP Salvador Villegas
Batting: LHB Tom Burton 0-0: Called Strike
0-1: Ball
1-1: Ball
2-1: Foul Ball, location: 2F
2-2: Foul Ball, location: 2F
2-2: Ball
3-2: Strikes out swinging
Bottom of the 6th over - 0 runs, 0 hits, 0 errors, 1 left on base; Mt. Vernon 4 - Syracuse 6
TOP OF THE 7TH
Mt. Vernon Bulls batting - Pitching for Syracuse Storm : LHP Harris Hopkins
Batting: LHB Iván Soto 0-0: Ball
1-0: Foul Ball, location: 2F
1-1: Ground out U3 (Groundball, 3L)
Batting: RHB Tong-sik Im 0-0: Called Strike
0-1: Ball
1-1: Foul Ball, location: 2F
1-2: SINGLE (Line Drive, 78S)
Batting: RHB Tom Bancroft 0-0: Ball
1-0: TRIPLE (Flyball, 89XD)
Tong-sik Im scores
Pitching: LHP Francisco Ortíz
Batting: RHB Silverberry Mouhon 0-0: Ball
1-0: Called Strike
1-1: Foul Ball, location: 2F
1-2: Ball
2-2: Fly out, F5 (Popup, 25F)
Batting: LHB Tomás Muinos 0-0: Fly out, F8 (Flyball, 89D)
Top of the 7th over - 1 run, 2 hits, 0 errors, 1 left on base; Mt. Vernon 5 - Syracuse 6
BOTTOM OF THE 7TH
Syracuse Storm batting - Pitching for Mt. Vernon Bulls : RHP Salvador Villegas
Batting: RHB Dale Goodman 0-0: Foul Ball, location: 2F
0-1: Ball
1-1: Ball
2-1: Called Strike
2-2: Foul Ball, location: 2F
2-2: Foul Ball, location: 2F
2-2: Ground out 6-3 (Groundball, 6)
Batting: RHB Nelson Morán 0-0: Ground out 6-3 (Groundball, 6)
Batting: RHB Sadakuno Hashimoto 0-0: Swinging Strike
0-1: Ball
1-1: Fly out, F7 (Flyball, 7LS)
Bottom of the 7th over - 0 runs, 0 hits, 0 errors, 0 left on base; Mt. Vernon 5 - Syracuse 6
TOP OF THE 8TH
Mt. Vernon Bulls batting - Pitching for Syracuse Storm : LHP Francisco Ortíz
Batting: LHB Rich Watkins 0-0: Ball
1-0: Called Strike
1-1: Ball
2-1: Ball
3-1: Base on Balls
Pitching: RHP Víctor Rodríguez
Batting: RHB Modesto González 0-0: Reached on error, E1 (Groundball, 15S)
Rich Watkins to second
Batting: RHB Wei-hong Won 0-0: Bunt missed!
0-1: Sac Bunt - play at first, batter OUT! 2-4
Rich Watkins to third
Modesto González to second
Pinch Hitting: LHB Lou Downes 0-0: Ball
1-0: Ball
2-0: Foul Ball, location: 2F
2-1: DOUBLE (Flyball, 78D)
Rich Watkins scores
Modesto González scores
Batting: LHB Iván Soto 0-0: Ball
1-0: Called Strike
1-1: Swinging Strike
1-2: Strikes out swinging
Batting: RHB Tong-sik Im 0-0: Ball
1-0: Ball
2-0: Foul Ball, location: 2F
2-1: Called Strike
2-2: Foul Ball, location: 2F
2-2: Foul Ball, location: 2F
2-2: Ball
3-2: Strikes out looking
Top of the 8th over - 2 runs, 1 hit, 1 error, 1 left on base; Mt. Vernon 7 - Syracuse 6
BOTTOM OF THE 8TH
Syracuse Storm batting - Pitching for Mt. Vernon Bulls : RHP Salvador Villegas
Now in LF: Carlos Cardoza
Batting: RHB Adrián Medina 0-0: Ball
1-0: Foul Ball, location: 2F
1-1: Foul Ball, location: 2F
1-2: Strikes out swinging
Batting: SHB Franck Kooijmans 0-0: Ball
1-0: Called Strike
1-1: Ball
2-1: Foul Ball, location: 2F
2-2: Ball
3-2: Strikes out swinging
Batting: RHB Miguel Román 0-0: Ground out 6-3 (Groundball, 6)
Bottom of the 8th over - 0 runs, 0 hits, 0 errors, 0 left on base; Mt. Vernon 7 - Syracuse 6
TOP OF THE 9TH
Mt. Vernon Bulls batting - Pitching for Syracuse Storm : RHP Víctor Rodríguez
Batting: RHB Tom Bancroft 0-0: Called Strike
0-1: Called Strike
0-2: Ball
1-2: Strikes out swinging
Batting: RHB Silverberry Mouhon 0-0: Ball
1-0: Ball
2-0: Foul Ball, location: 2F
2-1: SINGLE (Groundball, 6MD)
Batting: LHB Tomás Muinos 0-0: Called Strike
0-1: Ball
1-1: Ball
2-1: Ball
3-1: Called Strike
3-2: Strikes out swinging
Batting: LHB Rich Watkins 0-0: Foul Ball, location: 2F
0-1: Ball
1-1: Swinging Strike
1-2: Ball
2-2: Ball
3-2: Strikes out swinging
Top of the 9th over - 0 runs, 1 hit, 0 errors, 1 left on base; Mt. Vernon 7 - Syracuse 6
BOTTOM OF THE 9TH
Syracuse Storm batting - Pitching for Mt. Vernon Bulls : RHP Salvador Villegas
Batting: LHB Brenton Winston 0-0: Ball
1-0: Fly out, F7 (Flyball, 78XD)
Batting: LHB Seung-min Sin 0-0: Reached on error, E5 (Groundball, 56)
Batting: LHB Tom Burton 0-0: Ball
1-0: Ball
2-0: Ball
3-0: Foul Ball, location: 2F
3-1: Ground out 4-3 (Groundball, 34)
Seung-min Sin to second
Batting: RHB Dale Goodman 0-0: Foul Ball, location: 2F
0-1: SINGLE (Groundball, 6MD)
Seung-min Sin to third
Runner from 3rd tries for Home, SAFE, no throw
Pinch Hitting: LHB Rafael Longoria 0-0: Called Strike
0-1: Ball
1-1: Fly out, F1 (Line Drive, 15)
Bottom of the 9th over - 1 run, 1 hit, 1 error, 1 left on base; Mt. Vernon 7 - Syracuse 7
TOP OF THE 10TH
Mt. Vernon Bulls batting - Pitching for Syracuse Storm : RHP Víctor Rodríguez
Now at C: Tareef Ashraf
Batting: RHB Modesto González 0-0: DOUBLE (Line Drive, 9D)
Batting: RHB Wei-hong Won 0-0: Ground out 6-3 (Groundball, 6)
Batting: RHB Carlos Cardoza 0-0: Intentional Walk
Batting: LHB Iván Soto 0-0: Fly out, F8 (Flyball, 8RM)
Batting: RHB Tong-sik Im 0-0: Fly out, F8 (Flyball, 8LS)
Top of the 10th over - 0 runs, 1 hit, 0 errors, 2 left on base; Mt. Vernon 7 - Syracuse 7
BOTTOM OF THE 10TH
Syracuse Storm batting - Pitching for Mt. Vernon Bulls : RHP Salvador Villegas
Pinch Hitting: LHB António Escobeda 0-0: Ball
1-0: Swinging Strike
1-1: Fly out, F4 (Line Drive, 4)
Pinch Hitting: LHB Phil Beck 0-0: Called Strike
0-1: Ball
1-1: Foul Ball, location: 2F
1-2: Ball
2-2: Ground out U3 (Groundball, 23)
Batting: SHB Franck Kooijmans 0-0: Ball
1-0: Ball
2-0: Called Strike
2-1: Ball
3-1: Foul Ball, location: 2F
3-2: Base on Balls
Pinch Hitting: RHB Juan Perales 0-0: Ball
1-0: Ball
2-0: Called Strike
2-1: Foul Ball, location: 2F
2-2: Fly out, F8 (Flyball, 8RD)
Bottom of the 10th over - 0 runs, 0 hits, 0 errors, 1 left on base; Mt. Vernon 7 - Syracuse 7
TOP OF THE 11TH
Mt. Vernon Bulls batting - Pitching for Syracuse Storm : RHP Víctor Rodríguez
Now at 1B: Francis Osborne
Now at 2B: Phil Beck
Now at SS: Juan Perales
Batting: RHB Tom Bancroft 0-0: Swinging Strike
0-1: Swinging Strike
0-2: SINGLE (Line Drive, 78S)
Batting: RHB Silverberry Mouhon 0-0: Called Strike
0-1: Ball
1-1: Ball
2-1: Ball
3-1: Called Strike
3-2: Base on Balls
Tom Bancroft to second
Batting: LHB Tomás Muinos 0-0: Ball
1-0: Ball
2-0: Foul Ball, location: 2F
2-1: Ball
3-1: Swinging Strike
3-2: Fly out, F7 (Flyball, 7D)
Batting: LHB Rich Watkins 0-0: Swinging Strike
0-1: Called Strike
0-2: Ball
1-2: Ball
2-2: Ground out 4-3 (Groundball, 34D)
Tom Bancroft to third
Silverberry Mouhon to second
Pitching: RHP Eddie Hancock
Batting: RHB Modesto González 0-0: Swinging Strike
0-1: SINGLE (Groundball, 34D)
Tom Bancroft scores
Silverberry Mouhon to third
Runner from 3rd tries for Home, SAFE, no throw
Batting: RHB Wei-hong Won 0-0: Ball
1-0: Foul Ball, location: 2F
1-1: SINGLE (Line Drive, 89S)
Modesto González to second
Runner from 2nd tries for 3rd, SAFE, no throw
Batting: RHB Carlos Cardoza Pickoff Throw to First - Out!
Top of the 11th over - 2 runs, 3 hits, 0 errors, 1 left on base; Mt. Vernon 9 - Syracuse 7
BOTTOM OF THE 11TH
Syracuse Storm batting - Pitching for Mt. Vernon Bulls : RHP Salvador Villegas
Batting: LHB Brenton Winston 0-0: Fly out, F8 (Flyball, 8LS)
Batting: LHB Seung-min Sin 0-0: Fly out, F5 (Popup, 25F)
Batting: LHB Tom Burton 0-0: Called Strike
0-1: Ground out 1-3 (Groundball, 15S)
Bottom of the 11th over - 0 runs, 0 hits, 0 errors, 0 left on base; Mt. Vernon 9 - Syracuse 7
Saturday, December 22nd, 2018 - OOTP Baseball 18.8 Build 76